 Dungeon Crawl Stone Soup version 0.31-b1-17-gcfd88c8481 (webtiles) character file.

Game seed: 9472377611390816997

1535 Strat the Fighter (level 8, 91/91 HPs)
             Began as an Oni Hedge Wizard on Jan 14, 2024.
             Was an Initiate of Okawaru.
             Quit the game on level 6 of the Dungeon on Jan 15, 2024.
             The game lasted 00:21:51 (6565 turns).

Strat the Fighter (Oni Hedge Wizard)                Turns: 6565, Time: 00:21:51

Health: 91/91      AC:  5    Str: 15    XL:     8   Next: 86%
Magic:  17/17      EV:  9    Int: 17    God:    Okawaru [......]
Gold:   259        SH:  0    Dex:  8    Spells: 14/19 levels left

rFire   . . .        b - +1 whip (elec)
rCold   . . .        (no shield)
rNeg    . . .        v - +0 robe
rPois   .            c - +1 hat
rElec   .            n - +0 cloak
rCorr   +            (gloves unavailable)
SInv    .            (boots unavailable)
Will    .....        p - amulet of regeneration
Stlth   +            w - ring of resist corrosion
HPRegen 1.15/turn    (no ring)
MPRegen 0.15/turn

%: no passive effects
@: studying Shields
A: large, unfitting armour, horns 1, tough skin 1, double potion healing,
drunken brawling
a: Renounce Religion


You were on level 6 of the Dungeon.
You worshipped Okawaru.
Okawaru was noncommittal.
You visited 2 branches of the dungeon, and saw 7 of its levels.

You collected 259 gold pieces.

Inventory:

Hand Weapons
 a - a +1 dagger of venom
 b - a +1 whip of electrocution (weapon)
 h - a +0 dagger
 j - a +4 short sword
 t - a +1 heavy trident
Armour
 c - a +1 hat (worn)
 n - a +0 cloak (worn)
 v - a +0 robe (worn)
Jewellery
 f - an amulet of reflection
 p - an amulet of regeneration (around neck)
 w - a ring of resist corrosion (left hand)
 E - a ring of fire
Wands
 k - a wand of roots (5)
 s - a wand of flame (12)
 y - a wand of quicksilver (8)
 C - a wand of mindburst (13)
Scrolls
 i - a scroll of blinking
 m - a scroll of fog
 o - 2 scrolls of identify
 q - 2 scrolls of revelation
 r - a scroll of immolation
 F - a scroll of poison
 G - a scroll of teleportation
 I - a scroll of silence {unknown}
Potions
 d - a potion of magic
 e - 2 potions of might
 g - 2 potions of lignification
 l - a potion of invisibility
 u - a potion of haste
 x - a potion of enlightenment {unknown}
 z - a potion of attraction
 A - a potion of ambrosia {unknown}
 B - 2 potions of degeneration {unknown}
 H - 2 potions of heal wounds {unknown}
 J - a potion of mutation {unknown}


   Skills:
 + Level 8.8 Fighting
 - Level 1.7 Dodging
 - Level 1.4 Stealth
 - Level 6.0 Spellcasting
 - Level 2.0 Conjurations
 + Level 4.8 Summonings
 - Level 2.0 Translocations
 - Level 3.0 Air Magic


You had 14 spell levels left.
You knew the following spells:

 Your Spells              Type           Power      Damage    Failure   Level
a - Magic Dart            Conj           44%        1d5       5%          1
b - Blink                 Tloc           22%        N/A       9%          2
c - Call Imp              Summ           42%        N/A       2%          2

Your spell library contained the following spells:

 Spells                   Type           Power      Damage    Failure   Level
 Static Discharge         Conj/Air       26%        3-5/arc   7%          2
 Lesser Beckoning         Tloc           22%        N/A       9%          2
 Slow                     Hex            20%        N/A       13%         1
 Cigotuvi's Dreadful Rot  Necr/Alch/Air  16%        N/A       13%         2
 Gell's Gravitas          Tloc           11%        N/A       17%         3
 Teleport Other           Tloc           11%        N/A       17%         3
 Mephitic Cloud           Conj/Alch/Air  10%        N/A       21%         3
 Fugue of the Fallen      Necr           5%         N/A       36%         3
 Ozocubu's Armour         Ice            5%         N/A       36%         3
 Airstrike                Air            7%         2d(2-18)  36%         4
 Manifold Assault         Tloc           11%        N/A       50%         4
 Ignite Poison            Fire/Alch      5%         N/A       77%         4
 Sticky Flame             Fire/Alch      5%         2d4       77%         4
 Ignition                 Fire           2%         3d3       100%        8
 Summon Lightning Spire   Summ/Air       Unusable   N/A       N/A         4

Dungeon Overview and Level Annotations

Branches:
Dungeon (6/15)             Temple (1/1) D:6

Altars:
Cheibriados
Dithmenos
Elyvilon
Fedhas
Gozag
Hepliaklqana
Kikubaaqudgha
Makhleb
Nemelex Xobeh
Okawaru
Qazlal
Ru
Sif Muna
Trog
Uskayaw
Vehumet
Xom
Yredelemnul
Zin
The Shining One

Shops:
D:6 *


Innate Abilities, Weirdness & Mutations

You are too large for most types of armour.
You have a pair of small horns on your head.
You have tough skin. (AC +1)
You gain doubled healing and magic from potions.
Whenever you drink a healing potion, you attack all around you.


Message History

You kill the orc!
Okawaru accepts your kill.
You hit the scorpion.
The scorpion is lightly wounded.
The scorpion barely misses you. The scorpion closely misses you.
You barely miss the scorpion. Your punch misses the scorpion.
The scorpion is lightly wounded.
The scorpion stings you but does no damage.
You hit the scorpion. Lightning courses through the scorpion!
Your headbutt misses the scorpion.
The scorpion is severely wounded.
The scorpion barely misses you.
You closely miss the scorpion. Your headbutt misses the scorpion.
The scorpion is severely wounded.
The scorpion barely misses you.
You hit the scorpion. Your headbutt misses the scorpion.
The scorpion is severely wounded.
The scorpion stings you. x2
You hit the scorpion but do no damage. Lightning courses through the scorpion!
You kill the scorpion!
Okawaru accepts your kill.
No target in view!
No target in view!
You see here a +0 short sword.
You now have 259 gold pieces (gained 18).
You see here a +0 short sword.
There is an open door, spattered with blood here.
There is an open door here.
There is a stone staircase leading down here.
There is an open door here.
Done exploring.
Done exploring.
There is an open door here.
As you read the scroll labelled FUOTANL DIWNOTH, it crumbles to dust.
You feel momentarily disoriented.
It was a scroll of revelation.
Unknown command.
As you read the scroll labelled SEAREERIAVI, it crumbles to dust.
It is a scroll of amnesia.
Your memory of Summon Lightning Spire unravels.
Are you sure you want to abandon this character and quit the game? (Confirm with "yes".)

#....####..#######...#
.#.....##.########..####
.#.#.#.##.########..####
.#.#.#..#.########..####
.#.#.##.#.########..#########
.#.#.##.#.########..........#
.#.#.##.#.########.########.#
.#.#.##.....######.##### #.#
.#.#.#..........@...#### #.#
.#.#.#.#..#..######'#######.#
.#.#.#.#........#§§.≈≈#...#.#
.#.#.#..........#§§.≈≈###.#.#
.#.#.#.###...#.##§._.≈#<#.#.#
.#.#............#≈≈.≈≈#.#.#.#
.#.#.#######....#≈≈≈≈≈#.#.#.#
.#..............#######.#.#.#
.#######.######...#####.#.#.#


There were no monsters in sight!

Vanquished Creatures
  A water moccasin (D:5)
  A sky beast (D:6)
  A centaur (D:5)
  2 phantoms (D:6)
  4 scorpions
  2 howler monkeys
  A bombardier beetle (D:5)
  2 hounds (D:5)
  4 orc priests
  A sleepcap (D:3)
  3 iguanas
  6 orc wizards
  Natasha (thrice) (D:2)
  5 adders
  A river rat (D:3)
  2 shadow imps (D:6)
  2 ufetubi (D:6)
  4 ribbon worms
  3 dart slugs
  14 orcs
  5 ball pythons
  4 bats
  12 endoplasms
  3 giant cockroaches
  11 goblins
  4 hobgoblins
  5 quokkas
  6 frilled lizards
  6 kobolds
  10 rats
128 creatures vanquished.

Vanquished Creatures (collateral kills)
  A hound (D:5)
  An iguana (D:5)
  A ribbon worm (D:3)
  3 orcs
  A quokka (D:4)
  A ball python (D:2)
8 creatures vanquished.

Grand Total: 136 creatures vanquished

Notes
Turn   | Place    | Note
-------+----------+-------------------------------------------
     0 | D:1      | Strat the Oni Hedge Wizard began the quest for the Orb.
     0 | D:1      | Reached XP level 1. HP: 16/16 MP: 5/5
    63 | D:1      | Reached skill level 1 in Conjurations
   243 | D:1      | Reached skill level 1 in Fighting
   246 | D:1      | Reached XP level 2. HP: 26/27 MP: 1/6
   586 | D:1      | Learned a level 2 spell: Blink
   589 | D:1      | Learned a level 2 spell: Call Imp
  1176 | D:2      | Noticed Natasha
  1186 | D:2      | Killed Natasha
  1187 | D:2      | Reached skill level 3 in Fighting
  1187 | D:2      | Reached XP level 3. HP: 16/37 MP: 2/8
  1418 | D:2      | Reached XP level 4. HP: 48/48 MP: 9/9
  1490 | D:2      | Noticed Natasha
  1496 | D:2      | Reached skill level 4 in Fighting
  1953 | D:2      | Killed Natasha
  1995 | D:2      | Reached skill level 5 in Fighting
  2010 | D:2      | Noticed Natasha
  2068 | D:2      | Killed Natasha
  2069 | D:2      | Reached XP level 5. HP: 49/57 MP: 8/10
  2117 | D:3      | Found a sacrificial altar of Ru.
  2188 | D:2      | Reached skill level 1 in Summonings
  2188 | D:2      | Reached skill level 1 in Translocations
  2454 | D:3      | Reached XP level 6. HP: 55/67 MP: 10/12
  2559 | D:3      | Reached skill level 6 in Fighting
  3066 | D:3      | Learned a level 4 spell: Summon Lightning Spire
  3213 | D:4      | Found a glowing golden altar of the Shining One.
  3334 | D:4      | Reached XP level 7. HP: 24/76 MP: 10/13
  3696 | D:4      | Reached skill level 1 in Air Magic
  4281 | D:5      | Entered Level 5 of the Dungeon
  4291 | D:4      | Upgraded the game from 0.31-b1-12-gca42e3d1b8 to
                  | 0.31-b1-17-gcfd88c8481
  4366 | D:5      | Reached skill level 5 in Spellcasting
  4490 | D:5      | Reached skill level 7 in Fighting
  4544 | D:5      | Reached XP level 8. HP: 38/87 MP: 9/16
  5473 | D:6      | Found Wiot's Mail-Order Catalogue.
  5537 | D:6      | Found a glowing silver altar of Zin.
  5537 | D:6      | Noticed an angel
  5571 | D:6      | Found a staircase to the Ecumenical Temple.
  5586 | Temple   | Entered the Ecumenical Temple
  5680 | D:6      | Reached skill level 8 in Fighting
  5900 | D:6      | Found an iron altar of Okawaru.
  5908 | D:6      | Became a worshipper of Warmaster Okawaru
  5990 | D:6      | Found an ancient bone altar of Kikubaaqudgha.
  6565 | D:6      | Quit the game

Illustrated notes

Levels and vault maps discovered:
D:1:      minmay_arrival_nine_rooms, layout_basic, chequers_serial_rivers_marsh
D:2:      wander_river, layout_loops_ring, minivault_19, serial_park_tiny_1,
          uniq_natasha
D:3:      minmay_razor_zed, layout_loops_ring, mainiacjoe_overflow_boulevard,
          mainiacjoe_sewer_entry_somewhere_in_here_1
D:4:      layout_basic, tso_metal_star
D:5:      nicolae_cairo_tiling_large_dashed, layout_loops_ring,
          grunt_ministairs_15
D:6:      layout_basic, zin_angel, kennysheep_little_box,
          okawaru_metal_pillars_1_2, minmay_temple_entry_ruins,
          monkooky_shop_mail_order
Temple:   hellmonk_temple_two_chambers

Skill      XL: |  1  2  3  4  5  6  7  8 |
---------------+-------------------------+-----
Conjurations   | 1 2 |  2.0
Fighting       | 1 3 5 6 7 8 |  8.8
Summonings     | 1 2 3 4 |  4.8
Translocations | 1 2 |  2.0
Spellcasting   | 4 5 6 |  6.0
Air Magic      | 2 3 |  3.0
Dodging        | |  1.7
Stealth        | |  1.4

Action                     |  1- 3 |  4- 6 |  7- 9 || total
---------------------------+-------+-------+-------++-------
  Melee: Dagger            |    65 |   176 |    12 ||   253
         Headbutt          |     6 |    44 |    32 ||    82
         Punch             |       |     3 |     1 ||     4
         Whip              |       |    12 |   177 ||   189
   Cast: Magic Dart        |    22 |       |    20 ||    42
         Call Imp          |     1 |    12 |    19 ||    32
         Blink             |       |     2 |       ||     2
    Use: Scroll            |       |     1 |    15 ||    16
   Stab: Sleeping          |     1 |       |     1 ||     2
         Distracted        |       |     1 |       ||     1
 Armour: Robe              |    35 |   145 |   207 ||   387
  Dodge: Dodged            |    29 |    93 |   105 ||   227
